 Dungeon Crawl Stone Soup version 0.29.1-2-gbd0b4ee654 (webtiles) character file.

Game seed: 5533090867653089395

3248 jiml777 the Cleaver (level 9, -4/72 HPs)
             Began as a Demonspawn Chaos Knight on Nov 3, 2022.
             Was a Plaything of Xom.
             Succumbed to a hornet's poison
             ... while paralysed by a hornet
             ... on level 7 of the Dungeon.
             The game lasted 00:33:11 (6410 turns).

jiml777 the Cleaver (Demonspawn Chaos Knight)       Turns: 6410, Time: 00:33:12

Health: -4/72      AC: 13    Str: 15    XL:     9   Next: 67%
Magic:  1/9        EV:  2    Int: 15    God:    Xom [..*...]
Gold:   551        SH:  0    Dex: 13    Spells: 7/8 levels left

rFire   . . .      SeeInvis +   a - +1 hand axe (chaos)
rCold   . . .      Faith    .   (no shield)
rNeg    . . .      Spirit   +   y - +3 ring mail
rPois   .          Reflect  .   (helmet restricted)
rElec   .          Harm     +   n - scarf {harm}
rCorr   +          Rampage  .   (no gloves)
Will    .....                   s - +0 pair of boots
Stlth   ++........              (no amulet)
HPRegen 0.22/turn               t - ring of see invisible
MPRegen 0.22/turn               x - ring of resist corrosion

@: paralysed, lethally poisoned (-4 -> -28), slowed
A: horns 1, slimy green scales 2, ignite blood 1, magic shield, magic
regeneration
a: Renounce Religion


You were on level 7 of the Dungeon.
You worshipped Xom.
You were a toy of Xom.
You visited 1 branch of the dungeon, and saw 7 of its levels.

You collected 551 gold pieces.

Inventory:

Hand Weapons
 a - a +1 hand axe of chaos (weapon)
 q - a +0 rapier
 u - a +1 flail of protection
Missiles
 h - 58 stones
 o - 30 poisoned darts
 A - 5 boomerangs of dispersal
Armour
 b - a +2 leather armour
 g - a +0 cloak
 k - a +0 helmet
 n - a scarf of harm (worn)
 s - a +0 pair of boots (worn)
 v - a +0 leather armour of willpower
 y - a +3 ring mail (worn)
Jewellery
 f - a ring of fire
 t - a ring of see invisible (left hand)
 x - a ring of resist corrosion (right hand)
Wands
 w - a wand of roots (17)
Scrolls
 j - 3 scrolls of fog
 C - 2 scrolls of blinking
 D - 2 scrolls of identify
Potions
 d - a potion of cancellation
 e - 3 potions of lignification
 i - 4 potions of haste
 l - 3 potions of ambrosia
 m - 4 potions of heal wounds
 p - a potion of berserk rage
 r - a potion of magic
 z - 2 potions of curing
 B - 2 potions of invisibility
Miscellaneous
 c - a piece from Xom's chessboard (15/15) (quivered)


   Skills:
 + Level 7.3 Fighting
 + Level 8.6 Axes
 + Level 5.8 Armour
 + Level 5.5 Dodging
 + Level 5.9 Stealth
 * Level 0.3 Spellcasting
 * Level 1.2 Necromancy
 + Level 0.3 Evocations


You had 7 spell levels left.
You knew the following spells:

 Your Spells              Type           Power      Damage    Failure   Level
a - Necrotise             Necr           12%        1d4       28%         1

Your spell library contained the following spells:

 Spells                   Type           Power      Damage    Failure   Level
 Sublimation of Blood     Necr           3%         N/A       41%         2
 Foxfire                  Conj/Fire      0%         2x1d4     43%         1
 Ensorcelled Hibernation  Hex/Ice        0%         N/A       56%         2
 Vampiric Draining        Necr           3%         2d6       65%         3
 Spider Form              Tmut/Pois      0%         N/A       80%         3
 Anguish                  Hex/Necr       1%         N/A       98%         4
 Petrify                  Tmut/Erth      0%         N/A       99%         4
 Agony                    Necr           3%         N/A       100%        5
 Irradiate                Conj/Tmut      0%         3d11      100%        5


Dungeon Overview and Level Annotations

Branches:
Dungeon (7/15)             Temple (0/1) D:4

Altars:
Hepliaklqana
Makhleb
Okawaru
Ru
Sif Muna
Trog
Vehumet
Yredelemnul

Annotations:
D:5 Grinder


Innate Abilities, Weirdness & Mutations

You have a pair of small horns on your head.
You are mostly covered in slimy green scales. (AC +3)
Your demonic aura sometimes causes spilled blood to erupt in flames.
When hurt, damage is shared between your health and your magic reserves.
You regenerate magic rapidly.


Message History

The hornet stings you but does no damage. x2
You hit the hornet. You freeze the hornet.
The hornet is moderately wounded.
You feel yourself speed up.
You feel sick. The hornet barely misses you.
The hornet stings you but does no damage.
You hit the hornet. You freeze the hornet.
The hornet is severely wounded.
You feel sick. The hornet stings you!
You feel yourself slow down.
You barely miss the hornet.
You headbutt the hornet, but do no damage.
The hornet is severely wounded.
You feel sick.
You are no longer poisoned.
The hornet barely misses you. The hornet stings you.
You are poisoned.
You feel as though you will be slow longer.
You hit the hornet but do no damage.
The hornet is heavily wounded.
You feel very sick. The hornet closely misses you. The hornet misses you.
You hit the hornet. You freeze the hornet.
The hornet is severely wounded.
You feel sick. The hornet stings you.
* * * LOW HITPOINT WARNING * * *
You are more poisoned.
You suddenly lose the ability to move!
The hornet stings you.
* * * LOW HITPOINT WARNING * * *
You feel as though you will be slow longer.
* * * LOW HITPOINT WARNING * * *
You feel very sick. The hornet stings you.
* * * LOW HITPOINT WARNING * * *
You feel as though you will be slow longer.
The hornet stings you!
* * * LOW HITPOINT WARNING * * *
You are more poisoned.
You feel as though you will be slow longer.
You die...
Xom howls with laughter!

#....... +.......
####+#...... #
...........###########..
...........#....[.......
...........#............
...........#....@y....$.
...........'.....○......
...........#............
...........########+##..
######......... . #
#.......... #
#........). #
#.......... +
#..........


You could see a hornet.

Vanquished Creatures
  Pikel (D:6)
  Sigmund (D:4)
  Edmund (D:5)
  An orc warrior (D:6)
  2 ice beasts (D:5)
  2 ogres (D:6)
  3 centaurs
  2 kobold brigands
  3 phantoms (D:6)
  A bullfrog (D:6)
  2 scorpions
  A necrophage (D:4)
  2 water moccasin zombies (D:6)
  A water moccasin skeleton (D:6)
  2 centaur zombies (D:6)
  3 bullfrog skeletons (D:6)
  A gnoll bouda (D:6)
  6 hounds
  3 bullfrog zombies (D:6)
  3 orc priests
  A centaur skeleton (D:6)
  An iguana (D:6)
  4 orc wizards
  8 gnolls (D:6)
  6 adders
  2 howler monkey skeletons (D:6)
  A white imp (D:6)
  2 worms
  3 dart slugs
  13 orcs
  4 bats
  5 endoplasms
  A giant cockroach (D:3)
  2 goblins
  8 hobgoblins
  20 kobolds
  A quokka (D:4)
  4 ball pythons
  3 rats
130 creatures vanquished.

Vanquished Creatures (collateral kills)
  An orc (D:3)
1 creature vanquished.

Vanquished Creatures (others)
  A rat zombie (D:3)
  27 plants (D:6)
28 creatures vanquished.

Grand Total: 159 creatures vanquished

Notes
Turn   | Place    | Note
-------+----------+-------------------------------------------
     0 | D:1      | jiml777 the Demonspawn Chaos Knight began the quest for the
                  | Orb.
     0 | D:1      | Reached XP level 1. HP: 18/18 MP: 1/1
     9 | D:1      | Found a faded altar of an unknown god.
    21 | D:1      | Got Plato's Almanac of Embers
   176 | D:1      | Reached skill level 3 in Axes
   176 | D:1      | Gained mutation: You are partially covered in slimy green
                  | scales. (AC +2) [demonic ancestry]
   176 | D:1      | Reached XP level 2. HP: 16/24 MP: 2/2
   389 | D:1      | XOM: silly message
   466 | D:1      | XOM: potion effect (haste)
   893 | D:1      | XOM: silly message
   966 | D:1      | XOM: divination: magic mapping
  1104 | D:1      | XOM: silly message
  1311 | D:2      | Reached skill level 1 in Dodging
  1311 | D:2      | Gained mutation: You are mostly covered in slimy green
                  | scales. (AC +3) [demonic ancestry]
  1311 | D:2      | Reached XP level 3. HP: 17/29 MP: 3/3
  1327 | D:2      | Found a basalt altar of Yredelemnul.
  1327 | D:2      | XOM: 8-stop teleportation journey
  1921 | D:2      | XOM: divination: detect items
  2170 | D:3      | Found a burning altar of Makhleb.
  2171 | D:3      | Noticed a balrug
  2259 | D:3      | Found an iron altar of Okawaru.
  2397 | D:3      | Gained mutation: You have a pair of small horns on your
                  | head. [demonic ancestry]
  2397 | D:3      | Reached XP level 4. HP: 23/35 MP: 4/4
  2403 | D:3      | XOM: silly message
  2784 | D:3      | Reached skill level 4 in Axes
  2784 | D:3      | XOM: potion effect (experience)
  2784 | D:3      | Reached skill level 6 in Axes
  2784 | D:3      | Reached skill level 5 in Armour
  2784 | D:3      | Reached XP level 5. HP: 34/46 MP: 5/5
  2920 | D:3      | XOM: silly message
  2935 | D:3      | Found a large runed translucent door.
  2936 | D:3      | Found a large runed translucent door.
  2950 | D:3      | Found a radiant altar of Vehumet.
  2960 | D:3      | Found a sacrificial altar of Ru.
  3023 | D:3      | XOM: cloud trail
  3096 | D:4      | Noticed Sigmund
  3101 | D:4      | Gained mutation: You regenerate magic rapidly. [demonic
                  | ancestry]
  3101 | D:4      | Reached XP level 6. HP: 49/52 MP: 6/6
  3113 | D:4      | Killed Sigmund
  3114 | D:4      | Reached skill level 5 in Stealth
  3579 | D:4      | Gained mutation: Your demonic aura sometimes causes spilled
                  | blood to erupt in flames. [demonic ancestry]
  3579 | D:4      | Reached XP level 7. HP: 59/59 MP: 7/7
  3645 | D:4      | Found a staircase to the Ecumenical Temple.
  3741 | D:4      | XOM: divination: magic mapping
  3763 | D:4      | Found a hazy altar of Hepliaklqana.
  3763 | D:4      | Found a bloodstained altar of Trog.
  3839 | D:5      | Entered Level 5 of the Dungeon
  3863 | D:5      | Found a shimmering blue altar of Sif Muna.
  3865 | D:5      | Noticed Edmund
  3874 | D:5      | XOM: enchant monster (bad)
  3879 | D:5      | Killed Edmund
  4202 | D:5      | Reached skill level 5 in Dodging
  4345 | D:5      | Noticed Grinder
  4552 | D:6      | Noticed Pikel
  4564 | D:6      | XOM: confuse monster(s)
  4566 | D:6      | Killed Pikel
  4567 | D:6      | Reached skill level 7 in Axes
  4567 | D:6      | Gained mutation: When hurt, damage is shared between your
                  | health and your magic reserves. [demonic ancestry]
  4567 | D:6      | Reached XP level 8. HP: 55/65 MP: 8/8
  4850 | D:6      | XOM: 4-stop teleportation journey
  5033 | D:6      | Reached XP level 9. HP: 70/71 MP: 9/9
  5402 | D:6      | XOM: confuse monster(s)
  5417 | D:6      | Reached skill level 8 in Axes
  5526 | D:6      | XOM: cast spell 'Metabolic Englaciation'
  5589 | D:6      | XOM: 3-stop teleportation journey
  5655 | D:6      | XOM: cleaving
  5683 | D:6      | XOM: confuse monster(s)
  5711 | D:6      | XOM: scenery: 3 doors close
  5784 | D:6      | XOM: scenery: 3 doors open
  6054 | D:6      | XOM: summons friendly orange demon
  6108 | D:6      | Learned a level 1 spell: Necrotise
  6278 | D:7      | XOM: silly message
  6291 | D:7      | Reached skill level 1 in Necromancy
  6402 | D:7      | Paralysed by a hornet for 1 turns
  6408 | D:7      | Paralysed by a hornet for 3 turns
  6409 | D:7      | HP: 2/72 [hornet (9)]
  6410 | D:7      | Succumbed to a hornet's poison

Illustrated notes

Levels and vault maps discovered:
D:1:      dpeg_arrival_lava_altar, layout_basic,
          shapermc_ecumenical_altar_rom_forum
D:2:      layout_basic, basic_altar
D:3:      layout_rooms, makhleb_altar_promises_db, okawaru_trees_2,
          jmf_multi_god_temple2
D:4:      layout_cave_pools, grunt_temple_overflow_open,
          lemuel_temple_firewalk_b, serial_forest, infiniplex_forest_diagonal,
          infiniplex_forest_lined_3, infiniplex_forest_zigzag_1,
          infiniplex_forest_side_room, infiniplex_forest_fountain,
          infiniplex_forest_clump_medium, infiniplex_forest_zigzag_1,
          infiniplex_forest_corner_1, uniq_sigmund
D:5:      layout_layer_cave, mainiacjoe_overflow_catwalk, uniq_edmund,
          uniq_grinder
D:6:      kennysheep_housing_project, layout_basic, serial_undead,
          serial_undead_a, serial_undead_d, serial_undead_d, serial_undead_d,
          hangedman_decor_growths, uniq_pikel
D:7:      layout_gridville

Skill      XL: |  1  2  3  4  5  6  7  8  9 |
---------------+----------------------------+-----
Armour         | 2 5 |  5.8
Axes           | 3 6 7 8 |  8.6
Dodging        | 1 4 5 |  5.5
Fighting       | 6 7 |  7.3
Stealth        | 4 5 |  5.9
Necromancy     | 1 |  1.2
Spellcasting   | |  0.3
Evocations     | |  0.3

Action                   |  1- 3 |  4- 6 |  7- 9 || total
-------------------------+-------+-------+-------++-------
Melee: Hand axe          |   112 |    76 |   256 ||   444
       Punch             |     2 |       |     1 ||     3
       Headbutt          |       |    12 |    58 ||    70
Evoke: Piece from Xom's  |       |       |     1 ||     1
  Use: Scroll            |     9 |     3 |     7 ||    19
 Stab: Petrifying        |     1 |       |       ||     1
       Sleeping          |       |     2 |     7 ||     9
       Distracted        |       |     1 |       ||     1
       Confused          |       |       |     2 ||     2
       Paralysed         |       |       |     1 ||     1
Armor: Leather armour    |    60 |    25 |    15 ||   100
       Ring mail         |       |       |    99 ||    99
Dodge: Dodged            |    63 |    31 |   173 ||   267
